 Dungeon Crawl Stone Soup version 0.29.1-debian-1-gc3f1650bb9 (webtiles) character file.

Game seed: 2666756460277921798

219 Flugkiller the Magician (level 5, 0/35 HPs)
             Began as a Mummy Air Elementalist on Sept 13, 2022.
             Was a Believer of Uskayaw.
             Slain by a gnoll
             ... wielding a +0 spear
              (1 damage)
             ... on level 3 of the Dungeon.
             The game lasted 00:03:26 (3602 turns).

Flugkiller the Magician (Mummy Air Elementalist)    Turns: 3602, Time: 00:03:27

Health: 0/35       AC:  3    Str: 17    XL:     5   Next: 64%
Magic:  8/11       EV:  6    Int: 16    God:    Uskayaw [**....]
Gold:   118        SH:  0    Dex: 13    Spells: 9/12 levels left

rFire   x . .      SeeInvis .   j - +2 short sword (elec)
rCold   + . .      Faith    +   (no shield)
rNeg    + + +      Spirit   .   a - +0 robe
rPois   ∞          Reflect  .   e - +0 helmet
rElec   .          Harm     .   (no cloak)
rCorr   .          Rampage  .   (no gloves)
Will    .....                   (no boots)
Stlth   ++........              (no amulet)
HPRegen 0.11/turn               g - +6 ring of strength
MPRegen 0.12/turn               (no ring)

@: held
A: cold resistance 1, negative energy resistance 3, torment resistance 2, heat
vulnerability 1, in touch with death 1, no potions, faith
a: Renounce Religion, Stomp, Line Pass


You were on level 3 of the Dungeon.
You worshipped Uskayaw.
Uskayaw was noncommittal.
You visited 1 branch of the dungeon, and saw 3 of its levels.

You collected 118 gold pieces.

Inventory:

Hand Weapons
 c - a +0 vampiric dagger
   (You took it off a kobold on level 2 of the Dungeon)
 j - a +2 short sword of electrocution (weapon)
   (You took it off a kobold on level 2 of the Dungeon)
Armour
 a - a +0 robe (worn)
 e - a +0 helmet (worn)
   (You found it on level 2 of the Dungeon)
Jewellery
 b - an amulet of guardian spirit
   (You found it on level 1 of the Dungeon)
 g - a +6 ring of strength (left hand)
   (You found it on level 1 of the Dungeon)
Scrolls
 d - 3 scrolls of poison
 f - a scroll of fear
 h - a scroll of magic mapping
 i - a scroll of enchant armour
 k - a scroll of vulnerability
 r - a scroll of identify


   Skills:
 - Level 1.5 Dodging
 - Level 1.5 Stealth
 - Level 4.0 Spellcasting
 + Level 2.9 Conjurations
 + Level 3.8 Air Magic


You had 9 spell levels left.
You knew the following spells:

 Your Spells              Type           Power      Damage    Failure   Level
a - Shock                 Conj/Air       56%        1d6       4%          1
b - Static Discharge      Conj/Air       28%        3-5/arc   6%          2

Your spell library contained the following spells:

 Spells                   Type           Power      Damage    Failure   Level
 Swiftness                Air            15%        N/A       11%         3
 Airstrike                Air            7%         2d(2-18)  34%         4


Dungeon Overview and Level Annotations

Branches:
Dungeon (3/15) Zot: 14397

Altars:
Uskayaw

Shops:
D:2 [


Innate Abilities, Weirdness & Mutations

You are immune to poison.
Your flesh is cold resistant. (rC+)
You are immune to negative energy. (rN+++)
You are immune to unholy pain and torment.
You are vulnerable to heat. (rF-)
You are in touch with the powers of death.
You do not drink.
You have a special connection with the divine. (Faith)


Message History

The zap hits the jackal.
You kill the jackal!
Casting: Shock (safe; 4% risk of failure)
Confirm with . or Enter, or press ? or * to list all spells.
Aiming: Shock (safe; 4% risk of failure)
Press: ? - help, Shift-Dir - straight line, f - jackal
Aim: a jackal (severely wounded, 64% to hit)
The zap hits the jackal.
You kill the jackal!
Casting: Shock (safe; 4% risk of failure)
Confirm with . or Enter, or press ? or * to list all spells.
You don't have enough magic to cast this spell.
You start resting.
A jackal comes into view.
A jackal is nearby!
Casting: Shock (safe; 4% risk of failure)
Confirm with . or Enter, or press ? or * to list all spells.
Aiming: Shock (safe; 4% risk of failure)
Press: ? - help, Shift-Dir - straight line, f - jackal
Aim: a jackal (wandering, hasn't noticed you, 64% to hit)
The zap hits the jackal.
You kill the jackal!
Casting: Shock (safe; 4% risk of failure)
Confirm with . or Enter, or press ? or * to list all spells.
You can't see any susceptible monsters within range! (Use Z to cast anyway.)
You start resting.
Magic restored.
You see here a jackal corpse.
The jackal barks!
Found 7 stones.
The orc shouts! x3; You hear a shout! x2
The orc priest shouts!
You see here 7 stones.
You enter the shallow water.
Moving in this stuff is going to be slow.
The gnoll shouts!
You enter the shallow water.
Moving in this stuff is going to be slow.
Things that are here:
a +0 club; a +0 leather armour Key pressed, stopping explore. 2 gnolls come into view.
The gnoll shouts! x2; You hear a shout!
An orc comes into view. It is wielding a +2 trident of venom.
A gnoll comes into view. It is wielding a +0 halberd.
You hear a shout!
Casting: Shock (safe; 4% risk of failure)
Confirm with . or Enter, or press ? or * to list all spells.
Aiming: Shock (safe; 4% risk of failure)
Press: ? - help, Shift-Dir - straight line, f - gnoll
Aim: a gnoll, wielding a +0 spear (75% to hit)
The zap hits the gnoll.
The gnoll is lightly wounded.
The gnoll shouts!
You hear a bark!
You hear a shout! x4
An orc comes into view. It is wielding a +0 flail.
A gnoll comes into view. It is wielding a +2 vampiric whip.
A gnoll comes into view. It is wielding a +0 club.
Casting: Shock (safe; 4% risk of failure)
Confirm with . or Enter, or press ? or * to list all spells.
Aiming: Shock (safe; 4% risk of failure)
Press: ? - help, Shift-Dir - straight line, f - gnoll
Aim: a gnoll, wielding a +0 halberd (75% to hit)
The zap hits the gnoll.
The gnoll is heavily wounded.
The zap hits the orc.
The orc is severely wounded.
An orc comes into view. It is wielding a +0 short sword.
A gnoll comes into view. It is wielding a +0 club.
The gnoll throws a throwing net.
The throwing net hits you.
You become entangled in the net!
You see here a throwing net.
Casting: Shock (safe; 4% risk of failure)
Confirm with . or Enter, or press ? or * to list all spells.
Aiming: Shock (safe; 4% risk of failure)
Press: ? - help, Shift-Dir - straight line, f/p - gnoll
Aim: a gnoll, wielding a +0 halberd (heavily wounded, 75% to hit)
The zap hits the gnoll.
The gnoll is severely wounded.
You can now pass through a line of other dancers.
Casting: Shock (safe; 4% risk of failure)
Confirm with . or Enter, or press ? or * to list all spells.
Aiming: Shock (safe; 4% risk of failure)
Press: ? - help, Shift-Dir - straight line, f/p - gnoll
Aim: a gnoll, wielding a +0 halberd (severely wounded, 75% to hit)
The zap misses the gnoll.
You struggle against the net.
The gnoll hits you from afar with a +0 halberd.
The gnoll hits you from afar with a +0 halberd!
You struggle against the net.
An orc comes into view. It is wielding a +0 dagger.
The gnoll hits you from afar with a +0 halberd!
The gnoll hits you from afar with a +0 halberd.
* * * LOW HITPOINT WARNING * * *
The gnoll closely misses you.
You struggle against the net.
An orc comes into view. It is wielding a +0 flail.
The gnoll hits you from afar with a +0 halberd.
* * * LOW HITPOINT WARNING * * *
The gnoll hits you from afar with a +0 spear.
You die...

# ... # ##'o## # #o...### #.#
'.go.'.. #'# #....# #+
..#############gg'o#############.
..#...........oggg.............#o
###~~≈≈≈~~~~~~~....~≈~~~~~~~~~≈##
≈≈≈≈≈≈≈≈≈≈~~≈~~.@..~≈≈≈≈≈≈≈≈≈≈≈≈≈
~≈~≈~~≈~~)≈~~~~....~~~~~~~~~~≈~~~
.........)...................)...
...............................>.
........##############.########.#
>.......# ####...# #.# ....)...#
#....### #.#
##'##...#########.#### #.#
....#..(##........# #.#


You could see 6 gnolls and 5 orcs.

Vanquished Creatures
  3 hounds (D:3)
  An adder (D:3)
  2 gnolls (D:3)
  A worm (D:2)
  3 dart slugs
  3 orcs (D:3)
  2 ball pythons
  4 bats
  2 endoplasms
  4 giant cockroaches
  4 goblins
  9 hobgoblins
  19 jackals
  4 quokkas
  3 frilled lizards
  6 kobolds
  10 rats
80 creatures vanquished.

Vanquished Creatures (others)
  A fungus (D:3)
  A plant (D:3)
2 creatures vanquished.

Grand Total: 82 creatures vanquished

Notes
Turn   | Place    | Note
-------+----------+-------------------------------------------
     0 | D:1      | Flugkiller the Mummy Air Elementalist began the quest for
                  | the Orb.
     0 | D:1      | Reached XP level 1. HP: 13/13 MP: 4/4
    33 | D:1      | Reached skill level 3 in Spellcasting
    33 | D:1      | Reached skill level 1 in Conjurations
   662 | D:1      | Reached XP level 2. HP: 19/19 MP: 3/6
   986 | D:1      | Found a faded altar of an unknown god.
  1068 | D:1      | Prayed at the altar of an unknown god.
  1068 | D:1      | Became a worshipper of Uskayaw the Reveller
  1068 | D:1      | Reached * piety under Uskayaw
  1073 | D:1      | Reached ** piety under Uskayaw
  1188 | D:1      | Gained mutation: You are in touch with the powers of death.
                  | [Mummy growth]
  1188 | D:1      | Reached XP level 3. HP: 24/24 MP: 2/8
  1463 | D:2      | Found Ywellani's Armour Boutique.
  1683 | D:2      | Reached skill level 4 in Spellcasting
  1764 | D:2      | Learned a level 2 spell: Static Discharge
  2357 | D:3      | Reached XP level 4. HP: 29/30 MP: 6/10
  2602 | D:3      | Reached *** piety under Uskayaw
  2950 | D:3      | Reached **** piety under Uskayaw
  3099 | D:3      | Reached XP level 5. HP: 23/35 MP: 8/11
  3602 | D:3      | HP: 1/35 [gnoll/+0 halberd (5)]
  3602 | D:3      | Slain by a gnoll

Illustrated notes

Levels and vault maps discovered:
D:1:      minmay_arrival_four_circles, layout_loops_ring,
          ebering_ecumenical_altar_box, corexii_leaking_fountain
D:2:      layout_basic, serial_shops, nicolae_diamond_shop
D:3:      lemuel_castle_with_subvaults [lemuel_castle_interior_original],
          layout_basic

Skill      XL: |  1  2  3  4 |
---------------+-------------+-----
Spellcasting   | 3 4 |  4.0
Conjurations   | 1 2 |  2.9
Air Magic      | 3 |  3.8
Dodging        | |  1.5
Stealth        | |  1.5

Action                   |  1- 3 |  4- 6 || total
-------------------------+-------+-------++-------
Melee: Unarmed           |    23 |       ||    23
       Dagger            |    22 |       ||    22
       Short sword       |     4 |    26 ||    30
 Cast: Shock             |   100 |    76 ||   176
  Use: Scroll            |     3 |     2 ||     5
 Stab: Sleeping          |     1 |       ||     1
       Paralysed         |       |     1 ||     1
Armor: Robe              |     8 |    10 ||    18
Dodge: Dodged            |    47 |    23 ||    70
